 Dungeon Sprint DCSS version 0.30-a0-779-g7971cf19c3 (webtiles) character file.

Game seed: 3566086920482916139

10 dialectric the Covered (level 2, -1/30 HPs)
             Began as a Gargoyle Fighter on Feb 17, 2023.
             Slain by a neqoxec (11 damage)
             ... in the Dungeon (Sprint II: "The Violet Keep of Menkaure").
             The game lasted 00:00:32 (40 turns).

dialectric the Covered (Gargoyle Fighter)             Turns: 40, Time: 00:00:33

Health: -1/30      AC:  9    Str: 19      XL:     2   Next: 20%
Magic:  2/2        EV:  9    Int:  1 (8)  God:
Gold:   0          SH:  0    Dex:  9      Spells: 1/1 levels left

rFire   . . .      SeeInvis .    a - +0 long sword
rCold   . . .      Faith    .    (no shield)
rNeg    + . .      Spirit   .    b - +0 scale mail
rPois   ∞          Reflect  .    (no helmet)
rElec   +          Harm     .    (no cloak)
rCorr   .          Rampage  .    (no gloves)
Will    .....      NoTele   +    (no boots) Stlth
                                 (no amulet)
HPRegen 0.25/turn                (no ring)
MPRegen 0.08/turn                (no ring)

@: mighty, berserking, unable to drink, very quick
A: sickness immunity, AC +2, negative energy resistance 1, electricity
resistance, torment resistance 1, petrification resistance, no potion heal 1,
inability to drink after injury 1
a: no special abilities


You were in the Dungeon.
You visited 1 branch

Inventory:

Hand Weapons
 a - a +0 long sword (weapon)
Armour
 b - a +0 scale mail (worn)
 c - a +0 buckler
Scrolls
 j - a scroll of blinking
Potions
 e - a potion of curing
 f - a potion of heal wounds
 g - a potion of haste
 h - 2 potions of magic


   Skills:
 + Level 4.1 Fighting
 * Level 2.2 Long Blades
 + Level 4.2 Armour
 * Level 0.3 Dodging
 - Level 4.0 Shields


You had one spell level left.
You didn't know any spells.
Your spell library was empty.

Dungeon Overview and Level Annotations

Branches:
Dungeon (1/1)

Altars:


Innate Abilities, Weirdness & Mutations

You are immune to sickness and miasma.
Your stone body is resilient. (AC +2)
You are immune to poison.
You resist negative energy. (rN+)
You are resistant to electric shocks. (rElec)
You are resistant to unholy torment.
You are immune to petrification.
Potions are less effective at restoring your health.
You occasionally lose the ability to drink potions when taking damage.


Message History

Strange energies course through your body.
You occasionally lose the ability to drink potions when taking damage.
Okay, then.
You closely miss the neqoxec. The neqoxec gestures at you.
You feel dopey. Something feeds on your intellect! The neqoxec gestures at you.
You feel dopey. Something feeds on your intellect!
The neqoxec closely misses you.
A red film seems to cover your vision as you go berserk!
You feel yourself moving faster!
You feel mighty! The neqoxec gestures at you.
You feel dopey. Something feeds on your intellect!
You closely miss the neqoxec. The neqoxec barely misses you.
You barely miss the neqoxec. The neqoxec hits you.
You slash the neqoxec!
The neqoxec is moderately wounded.
The neqoxec gestures at you.
Something tries to feed on your intellect!
The neqoxec gestures at you.
Strange energies course through your body.
Your system partially rejects the healing effects of potions.
You closely miss the neqoxec.
The neqoxec is moderately wounded.
The neqoxec hits you!
You hit the neqoxec.
The neqoxec is moderately wounded.
The neqoxec hits you.
You feel threatened and lose the ability to drink potions!
* * * LOW HITPOINT WARNING * * *
The neqoxec gestures at you.
Something tries to feed on your intellect!
You closely miss the neqoxec.
The neqoxec is moderately wounded.
You hit the neqoxec.
The neqoxec is heavily wounded.
The neqoxec hits you!
You die...

## ##.#
#+#
#...##.##
#†.<.+
#.##@##
#.# #3#
##


333 .##.. ## ### You could see 4 neqoxecs.

Vanquished Creatures
  3 worms (D)
3 creatures vanquished.

Notes
Turn   | Place    | Note
-------+----------+-------------------------------------------
     0 | D        | dialectric the Gargoyle Fighter began the quest for the
                  | Orb.
     0 | D        | Reached XP level 1. HP: 14/14 MP: 1/1
    24 | D        | Reached XP level 2. HP: 15/20 MP: 2/2
    30 | D        | Noticed a neqoxec
    30 | D        | Noticed a neqoxec
    30 | D        | Noticed a neqoxec
    30 | D        | Noticed a neqoxec
    31 | D        | Gained mutation: You occasionally lose the ability to drink
                  | potions when taking damage. [a neqoxec]
    36 | D        | Gained mutation: Potions are less effective at restoring
                  | your health. [a neqoxec]
    40 | D        | Slain by a neqoxec

Illustrated notes

Levels and vault maps discovered:
D:        the_violet_keep_of_menkaure [sprint2_stairs_cluster_1,
          sprint2_shoproom, sprint2_temple, sprint2_basic_supplies,
          sprint2_obstacle_7, sprint2_obstacle_6, sprint2_obstacle_2,
          sprint2_obstacle_4, sprint2_obstacle_5, sprint2_timed_cluster_1,
          sprint2_smallroom_cluster_1, sprint2_smallroom_final_cluster_1,
          sprint2_transparent_cluster_1, sprint2_second_timed_cluster_1,
          sprint2_sniper_area_1, sprint2_heavy_combat_area_1,
          sprint2_mutation_trap_area_1, sprint2_forest_area_1,
          sprint2_light_combat_area_1, sprint2_behind_water_1,
          sprint2_near_end_vault_1]

Skill      XL: |  1 |
---------------+----+-----
Fighting       | 4 |  4.1
Long Blades    | 2 |  2.2
Armour         | 4 |  4.2
Shields        | 4 |  4.0
Dodging        | |  0.3

Action                     || total
---------------------------++-------
  Melee: Long sword        ||    25
    Use: Potion            ||     2
 Armour: Scale mail        ||     2
  Dodge: Dodged            ||     7

Table legend: (Time is in decaauts)
 A = Elapsed time spent in this place.
 B = Non-inter-level travel time spent in this place.
 C = Inter-level travel time spent in this place.
 D = Time resting spent in this place.
 E = Time spent auto-exploring this place.
 F = Levels seen in this place.
 G = Mean time per level.
                   A        B        C        D        E       F      G
               +--------+--------+--------+--------+--------+-----+--------+
         Total |     44 |     44 |      0 |      0 |      0 |   1 |   44.0 |
       Dungeon |     44 |     44 |      0 |      0 |      0 |   1 |   44.0 |
               +--------+--------+--------+--------+--------+-----+--------+

Top non-repeatable levels by time:
       D: 44 daAuts
